Map: Acid Plant LE

Players

MoeClark - Winner!

  • Race: Terran Terran
  • League: Gold
  • Spawn Location: 5:00

Kozzy

  • Race: Protoss Protoss
  • League: Gold
  • Spawn Location: 11:00

VOD

Have the link to the VOD?

Description

Time

  • Played on: April 8, 2018, 11:04 a.m.
  • Length: 9:34
Show
View Real Time Build Order
Export as new Build Order

MoeClark Terran - Winner!

Build Orders:  

Get SALT Encoding   

  12  0:01  SCV  
  13  0:13  SCV  
  14  0:17  Supply Depot  
  14  0:25  SCV  
  15  0:39  SCV  
  15  0:40  Barracks  
  16  0:45  Refinery  
  16  0:51  SCV  
  17  1:03  SCV  
  18  1:27  Orbital Command  
  18  1:29  Supply Depot, Marine  
  19  1:48  Marine  
  20  1:55  Factory  
  20  1:59  Refinery  
  19  2:03  SCV  
  19  2:07  Marine  
  21  2:15  SCV  
  22  2:27  Command Center, SCV  
  23  2:30  Marine  
  24  2:39  Starport, Factory Tech Lab  
  24  2:42  SCV  
  25  2:51  Supply Depot  
  25  2:52  Marine  
  25  2:56  SCV  
  27  3:11  SCV  
  27  3:12  Barracks  
  28  3:15  Barracks Reactor  
  28  3:19  Starport Reactor  
  28  3:24  SCV  
  29  3:35  Siege Tank  
  29  3:39  SCV  
  32  3:54  Marine x2  
  34  4:00  SCV  
  35  4:05  Orbital Command  
  35  4:17  Marine  
  35  4:18  Marine  
  35  4:22  SCV  
  38  4:26  Siege Tank  
  38  4:27  Medivac  
  38  4:31  Barracks Tech Lab  
  43  4:33  SCV  
  44  4:41  Marine x2, SCV  
  47  4:47  SCV  
  47  4:48  Supply Depot  
  48  4:55  Stimpack  
  48  4:57  Marine  
  48  4:58  SCV  
  49  5:10  Medivac  
  49  5:11  Marine x2  
  49  5:12  SCV x2  
  55  5:25  Engineering Bay  
  55  5:27  Barracks, SCV  
  55  5:28  Barracks, SCV  
  57  5:29  Barracks  
  57  5:31  Marine x2  
  58  5:43  Marine  
  58  5:46  SCV  
  58  5:47  SCV  
  58  5:49  Marine  
  62  5:55  Supply Depot x2  
  62  5:57  Terran Infantry Weapons Level 1  
  62  6:02  Engineering Bay  
  62  6:14  Supply Depot  
  62  6:16  Marine, Medivac, Siege Tank, Barracks Reactor  
  62  6:17  Supply Depot, SCV x2, Barracks Reactor  
  70  6:19  Barracks Reactor  
  70  6:21  Marine  
  71  6:28  Medivac  
  73  6:38  Marine  
  73  6:39  Marine x2  
  74  6:41  SCV  
  74  6:42  SCV  
  76  6:53  SCV  
  77  7:01  Marine x2  
  77  7:02  Marine x5  
  77  7:03  SCV  
  85  7:08  Supply Depot  
  85  7:09  Supply Depot x2  
  85  7:11  Supply Depot, SCV  
  85  7:12  Supply Depot x2, Marine x2  
  85  7:15  Terran Infantry Armor Level 1  
  88  7:21  Marine x3, SCV, Armory  
  88  7:22  Marine  
  93  7:25  SCV  
  94  7:35  Marine x3  
  94  7:36  Marine, SCV  
  99  7:40  SCV  
  99  7:41  Marine x5  
  105  7:49  SCV  
  105  7:51  Supply Depot x2  
  106  7:52  SCV  
  106  7:54  Supply Depot  
  106  7:56  Marine  
  106  7:57  Marine  
  109  8:02  SCV  
  110  8:08  SCV  
  111  8:16  Marine x5  
  111  8:17  Marine x4  
  111  8:18  Medivac x2  
  111  8:19  SCV  
  125  8:26  Supply Depot  
  125  8:31  Supply Depot  
  125  8:33  Supply Depot  
  125  8:34  Marine x2, Supply Depot  
  126  8:36  Marine, SCV x2  
  126  8:37  Marine x2  
  132  8:53  Marine  
  132  8:54  Marine x5  
  132  8:55  SCV x2  
  140  9:07  SCV x2  
  149  9:26  Command Center  
Show
View Real Time Build Order
Export as new Build Order

Kozzy Protoss 

Build Orders:  

Get SALT Encoding   

  12  0:01  Probe  
  13  0:13  Probe  
  14  0:25  Probe  
  14  0:26  Pylon  
  15  0:41  Assimilator  
  15  0:47  Gateway  
  15  0:52  Probe  
  16  0:58  Assimilator  
  16  1:02  Pylon  
  17  1:04  Probe (Chrono Boost)  
  17  1:16  Probe (Chrono Boost)  
  18  1:23  Probe (Chrono Boost)  
  19  1:30  Probe  
  20  1:40  Cybernetics Core  
  20  1:42  Probe  
  21  1:54  Probe  
  22  2:06  Probe  
  23  2:08  Forge  
  23  2:16  Stalker (Chrono Boost)  
  23  2:19  Probe  
  23  2:21  Warp Gate  
  26  2:38  Protoss Ground Weapons Level 1 (Chrono Boost)  
  26  2:43  Stalker (Chrono Boost)  
  28  2:47  Gateway  
  28  2:53  Pylon  
  28  3:15  Shield Battery  
  28  3:25  Gateway  
  28  3:28  Pylon  
  28  3:30  Stalker  
  30  3:41  Gateway  
  30  4:06  Stalker  
  30  4:08  Stalker  
  34  4:11  Pylon  
  34  4:13  Stalker  
  36  5:19  Gateway  
  36  5:30  Twilight Council  
  36  5:31  Pylon  
  36  5:38  Pylon  
  36  5:52  Gateway  
  36  5:54  Shield Battery  
  36  6:01  Stalker x4  
  44  6:07  Protoss Ground Weapons Level 2 (Chrono Boost)  
  44  6:24  Stalker x3  
  44  6:25  Stalker  
  52  6:51  Stalker x3  
  52  6:52  Stalker  
  60  7:13  Charge (Chrono Boost)  
  60  7:31  Zealot x4  
  60  7:32  Zealot  
  70  7:55  Nexus  
  70  7:59  Pylon  
  68  8:24  Zealot x3  
  68  8:25  Zealot  
  76  8:35  Pylon  
  76  8:38  Pylon  
  76  8:45  Zealot  
  78  9:04  Zealot x2  
  78  9:05  Zealot  
  84  9:14  Stalker  
  83  9:25  Stalker  
Tags
 
League
GoldGold
Matchup
PvT
Spawn Locations
Cross Positions
Add a new tag
Caveats
  • Supply blocks, unpowered buildings, or Contaminate may cause inaccurate times.
  • Supply counts are checked every 10 seconds.